 Dungeon Crawl Stone Soup version 0.21-a0-344-g2144152 (webtiles) character file.

11599 nikopol the Cleaver (level 11, -12/101 HPs)
             Began as a Minotaur Berserker on Oct 4, 2017.
             Was a High Priest of Trog.
             Mangled by B1inky's ghost (21 damage)
             ... on level 11 of the Dungeon.
             The game lasted 00:24:14 (11376 turns).

nikopol the Cleaver (Minotaur Berserker)           Turns: 11376, Time: 00:24:15

Health: -12/101    AC: 13    Str: 22    XL:     11   Next: 51%
Magic:  0/3        EV: 14    Int:  4    God:    Trog [*****.]
Gold:   315        SH:  0    Dex: 13    Spells: 10/10 levels left

rFire    . . .     SeeInvis .   a - +2 battleaxe (antimagic)
rCold    + . .     Gourm    .   (shield currently unavailable)
rNeg     . . .     Faith    .   b - +2 ring mail {rC+}
rPois    .         Spirit   +   (helmet restricted)
rElec    .         Reflect  .   S - +0 cloak
rCorr    +         Harm     .   X - +1 pair of gloves
MR       .....                  e - +0 pair of boots
Stlth    ++........             v - amulet of guardian spirit
HPRegen  0.26/turn              q - ring of resist corrosion
MPRegen  0.08/turn              M - ring of stealth

@: berserk cooldown, slowed, very slow
A: retaliatory headbutt, horns 2
a: Berserk, Trog's Hand, Brothers in Arms, Burn Spellbooks, Renounce Religion


You were on level 11 of the Dungeon.
You worshipped Trog.
Trog was extremely pleased with you.
You were very hungry.

You visited 1 branch of the dungeon, and saw 11 of its levels.

You collected 666 gold pieces.
You spent 351 gold pieces at shops.

Inventory:

Hand Weapons
 a - a +2 antimagic battleaxe (weapon)
 z - a +0 shortbow
 I - a +1 dire flail of holy wrath
Missiles
 x - 18 arrows
Armour
 b - a +2 ring mail of cold resistance (worn)
 e - a +0 pair of boots (worn)
 S - a +0 cloak (worn)
 X - a +1 pair of gloves (worn)
Jewellery
 h - an uncursed amulet of faith {unknown}
 q - a ring of resist corrosion (left hand)
 v - an amulet of guardian spirit (around neck)
 E - an uncursed ring of flight
 M - a ring of stealth (right hand)
Wands
 A - a wand of polymorph (9/24)
 G - a wand of disintegration (4/24)
 T - a wand of paralysis (18/24)
Scrolls
 f - 7 scrolls of teleportation
 g - 7 scrolls of identify
 i - 3 scrolls of magic mapping
 j - a scroll of fear {unknown}
 l - 3 scrolls of fog {unknown}
 o - 6 scrolls of remove curse
 u - a scroll of noise {unknown}
 w - 3 scrolls of enchant weapon {unknown}
 y - 2 scrolls of recharging {unknown}
 J - 2 scrolls of enchant armour {unknown}
 O - a scroll of random uselessness {unknown}
 V - 2 scrolls of blinking {unknown}
Potions
 d - a potion of degeneration {unknown}
 k - 2 potions of agility {unknown}
 m - 7 potions of curing {unknown}
 n - 3 potions of flight {unknown}
 s - a potion of heal wounds {unknown}
 t - 5 potions of haste
 B - 2 potions of magic {unknown}
 C - a potion of might {unknown}
 H - 2 potions of lignification {unknown}
 Q - 2 potions of berserk rage {unknown}
Books
 K - a book of Cantrips

   Spells                             Type                      Level
   a - Confusing Touch                Hexes                        1
   b - Animate Skeleton               Necromancy                   1
   c - Summon Small Mammal            Summoning                    1
   d - Apportation                    Translocation                1
   Trog disapproves of the use of such an item.
Comestibles
 c - 10 bread rations
 p - 2 chunks of flesh
 P - 2 meat rations
 W - a royal jelly


   Skills:
 + Level 10.7 Fighting
 + Level 12.2 Axes
 + Level 10.9 Bows
 + Level 7.6 Armour
 + Level 5.3 Dodging
 + Level 2.5 Stealth


You had 10 spell levels left.
You didn't know any spells.

Dungeon Overview and Level Annotations

Branches:
Dungeon (11/15)            Temple (0/1) D:5            Lair (0/6) D:9
    Orc: D:9-12

Altars:
Ashenzari
Cheibriados
Fedhas
Gozag
Trog
Zin
The Shining One

Shops:
D:5 *   D:7 *   D:11 [

Annotations:
D:8 Prince Ribbit
D:10 1 runed door
D:11 B1inky's ghost, journeyman OpFi


Innate Abilities, Weirdness & Mutations

You reflexively headbutt those who attack you in melee.
You have a pair of horns on your head.


Message History

You completely miss B1inky's ghost.
B1inky's ghost is heavily damaged.
You miss B1inky's ghost. Your headbutt misses B1inky's ghost.
B1inky's ghost is heavily damaged.
You are no longer berserk.
You are exhausted.
You feel yourself slow down. B1inky's ghost hits you!
* * * LOW HITPOINT WARNING * * *
B1inky's ghost burns you.
* * * LOW HITPOINT WARNING * * *
You completely miss B1inky's ghost. Your headbutt misses B1inky's ghost.
B1inky's ghost is heavily damaged.
You hit the vampire but do no damage. B1inky's ghost hits you.
* * * LOW HITPOINT WARNING * * *
B1inky's ghost burns you.
* * * LOW HITPOINT WARNING * * *
The vampire hits you but does no damage.
The vampire bites you but does no damage.
B1inky's ghost hits you!!
You die...

#.# #..#.... #.# #.#
#....... .. #.#
#.##.... #.#
###.###.##.... ###..##
#.......##....
#...(.....#.######....
#.##..###.#.# #....
#######.#..VW((.#.#
#.... #.....#.#
#@###.#.# #....
#.....#.#.#..##.#.#
#####
#.....#.#.......#.#
#.....#.####..###.#
#.....#.#####.# #.#
#.............###.#
#...))#.####...##.#
#...))#......#.##.#
#...).#......#..#.#


You could see a vampire and B1inky's ghost.

Vanquished Creatures
  Erolcha (D:9)
  A centaur warrior (D:9)
  A two-headed ogre (D:8)
  An unseen horror (D:11)
  An ugly thing (D:11)
  2 manticores (D:11)
  3 centaur skeletons (D:10)
  4 hippogriffs
  Sigmund (D:3)
  2 wyverns (D:8)
  3 yaks (D:11)
  A hungry ghost (D:11)
  Grum (D:10)
  Menkaure (D:5)
  A water moccasin (D:7)
  Edmund (D:5)
  2 hell hounds (D:9)
  4 orc warriors
  5 sky beasts
  Duvessa (D:4)
  An ice beast (D:5)
  2 necrophages
  3 ogres
  4 wolves (D:10)
  2 phantoms
  A centaur (D:5)
  A crocodile (D:9)
  3 big kobolds
  Blork the orc (D:7)
  6 bullfrogs
  Dowan (D:4)
  5 wights (D:11)
  10 crimson imps
  A bullfrog zombie (D:10)
  3 jellies
  A centaur zombie (D:8)
  7 hounds
  2 bullfrog skeletons
  7 orc wizards
  4 orc priests
  Ijyb (D:5)
  A gnoll shaman (D:6)
  3 iguanas
  9 worker ants
  A killer bee zombie (D:7)
  Robin (D:2)
  A worker ant zombie (D:5)
  A howler monkey skeleton (D:7)
  9 adders
  6 gnolls
  3 shadow imps
  A white imp (D:4)
  3 oozes
  An adder zombie (D:8)
  An adder skeleton (D:5)
  3 worms
  4 dart slugs
  3 leopard geckos
  26 orcs
  7 giant cockroaches
  14 goblins
  10 hobgoblins
  16 jackals
  25 kobolds
  3 quokkas
  A ball python (D:2)
  6 bats
  4 frilled lizards
  A leopard gecko skeleton (D:5)
  A leopard gecko zombie (D:7)
  A quokka zombie (D:8)
  14 rats
283 creatures vanquished.

Notes
Turn   | Place    | Note
-------+----------+-------------------------------------------
     0 | D:1      | nikopol the Minotaur Berserker began the quest for the Orb.
     0 | D:1      | Reached XP level 1. HP: 19/19 MP: 0/0
    88 | D:1      | Reached skill level 4 in Axes
    90 | D:1      | Reached XP level 2. HP: 26/27 MP: 1/1
   211 | D:1      | Reached ** piety under Trog
   259 | D:1      | Reached XP level 3. HP: 25/33 MP: 2/2
   870 | D:2      | Noticed Robin
   879 | D:2      | Killed Robin
   882 | D:2      | Reached XP level 4. HP: 32/41 MP: 3/3
  1077 | D:2      | Found a glowing silver altar of Zin.
  1283 | D:3      | Noticed Sigmund
  1309 | D:3      | Killed Sigmund
  1309 | D:3      | Reached *** piety under Trog
  1309 | D:3      | Reached skill level 5 in Fighting
  1309 | D:3      | Reached skill level 6 in Axes
  1309 | D:3      | Reached skill level 1 in Stealth
  1309 | D:3      | Reached XP level 5. HP: 48/48 MP: 4/4
  1344 | D:3      | Reached XP level 6. HP: 47/56 MP: 5/5
  1811 | D:3      | Found a glowing golden altar of the Shining One.
  1811 | D:3      | Found a shattered altar of Ashenzari.
  2507 | D:4      | Found a blossoming altar of Fedhas.
  2508 | D:4      | Found a snail-covered altar of Cheibriados.
  2910 | D:4      | Noticed Dowan
  2911 | D:4      | Noticed Duvessa
  2930 | D:4      | Killed Duvessa
  2941 | D:4      | Killed Dowan
  2941 | D:4      | Reached skill level 7 in Axes
  2941 | D:4      | Reached XP level 7. HP: 50/61 MP: 6/6
  2991 | D:5      | Entered Level 5 of the Dungeon
  3041 | D:5      | Found an opulent altar of Gozag.
  3042 | D:5      | Noticed Menkaure
  3065 | D:5      | Killed Menkaure
  3308 | D:5      | Found a staircase to the Ecumenical Temple.
  3344 | D:5      | Reached **** piety under Trog
  3384 | D:5      | Reached skill level 8 in Axes
  3435 | D:5      | Reached skill level 5 in Armour
  3564 | D:5      | Noticed Ijyb
  3573 | D:5      | Killed Ijyb
  3573 | D:5      | Reached XP level 8. HP: 24/70 MP: 7/7
  3924 | D:5      | Noticed Edmund
  3928 | D:5      | Killed Edmund
  4067 | D:5      | Found Gozag's Platinum Reserve.
  4209 | D:5      | Reached skill level 9 in Axes
  4263 | D:5      | Reached skill level 1 in Bows
  4628 | D:6      | Noticed Blork the orc
  5567 | D:7      | Reached XP level 9. HP: 71/79 MP: 8/8
  5700 | D:7      | Reached skill level 5 in Bows
  6179 | D:7      | Killed Blork the orc
  6202 | D:7      | Found Baappoaxt's General Store.
  6435 | D:8      | Found an opulent altar of Gozag.
  6628 | D:8      | Reached skill level 10 in Axes
  6740 | D:8      | Reached ***** piety under Trog
  6845 | D:8      | Noticed a two-headed ogre
  6855 | D:8      | Killed a two-headed ogre
  7017 | D:8      | Reached XP level 10. HP: 61/90 MP: 5/9
  7394 | D:8      | Noticed Prince Ribbit
  7802 | D:9      | Found a bloodstained altar of Trog.
  7900 | D:9      | Found a staircase to the Lair.
  8390 | D:9      | Noticed Erolcha
  8396 | D:9      | Killed Erolcha
  8396 | D:9      | Reached skill level 11 in Axes
  8536 | D:9      | Noticed a centaur warrior
  8546 | D:9      | Killed a centaur warrior
  8746 | D:10     | Entered Level 10 of the Dungeon
  8773 | D:10     | Found a runed door.
  8773 | D:10     | Noticed an ice dragon
  8773 | D:10     | Noticed a stone giant
  8773 | D:10     | Noticed a deep troll earth mage
  8774 | D:10     | Found the +2 hat of the Bear Spirit {Spirit, +Rage rN+ MR++}
  8775 | D:10     | Noticed a fire giant
  8775 | D:10     | Noticed a stone giant
  8775 | D:10     | Noticed a yaktaur captain
  8775 | D:10     | Noticed a deep elf mage
  9503 | D:10     | Noticed Grum
  9512 | D:10     | Reached skill level 10 in Bows
  9522 | D:10     | Killed Grum
  9577 | D:10     | Reached XP level 11. HP: 50/99 MP: 10/10
  9956 | D:11     | Reached skill level 10 in Fighting
  9957 | D:11     | Received a gift from Trog
  9957 | D:11     | Reached skill level 5 in Dodging
 10300 | D:11     | Noticed a purple ugly thing
 10307 | D:11     | Killed a purple ugly thing
 10402 | D:11     | Found Gijo's Antique Armour Shop.
 10479 | D:11     | Bought a twisted chain mail for 351 gold pieces
 10494 | D:11     | Identified the +3 chain mail of Teaje {*Slow Int+5} (You bought it in a shop on level 11 of the Dungeon)
 10810 | D:11     | Noticed B1inky's ghost (journeyman OpFi)
 10831 | D:11     | Killed an unseen horror
 10831 | D:11     | Reached skill level 12 in Axes
 11376 | D:11     | Mangled by B1inky's ghost

Vault maps used:
D:1:      dpeg_arrival_prison
D:2:      lemuel_doored_altar, first_bread, uniq_robin
D:3:      gammafunk_temple_overflow_statue, roderic_lattice_a, minivault_14,
          uniq_sigmund
D:4:      minitemple, minmay_fire_ice_demons, uniq_duvessa
D:5:      minmay_temple_entry_glass, nicolae_gozag_zags_fifth_avenue,
          uniq_menkaure, uniq_ijyb, uniq_edmund
D:6:      uniq_blork_the_orc
D:7:      serial_shops, shop
D:8:      basic_altar, uniq_prince_ribbit1
D:9:      lemuel_round_altar, minmay_lair_entry_lava, uniq_erolcha
D:10:     minmay_gate_of_8, uniq_grum
D:11:     serial_shops, nicolae_shop_competitors_out_of_business

Skill      XL: |  1  2  3  4  5  6  7  8  9 10 11 |
---------------+----------------------------------+-----
Axes           | 4 6 7 8 9 10 11 12 | 12.2
Fighting       | 4 5 6 7 8 9 10 | 10.7
Armour         | 3 4 5 6 7 |  7.6
Stealth        | 1 2 |  2.5
Dodging        | 3 4 5 |  5.3
Bows           | 4 7 10 | 10.9

Action                   |  1- 3 |  4- 6 |  7- 9 | 10-12 || total
-------------------------+-------+-------+-------+-------++-------
Melee: Hand axe          |    81 |   137 |     6 |       ||   224
       Headbutt          |    12 |    21 |    31 |    52 ||   116
       War axe           |       |       |   142 |    94 ||   236
       Battleaxe         |       |       |       |    95 ||    95
 Fire: Shortbow          |       |       |   169 |   224 ||   393
Invok: Berserk           |       |     1 |     4 |     7 ||    12
       Burn Spellbooks   |       |       |       |     1 ||     1
  Use: Scroll            |       |       |     6 |       ||     6
 Stab: Distracted        |     1 |       |       |       ||     1
       Sleeping          |     1 |       |       |       ||     1
  Eat: Chunk             |       |     5 |    12 |    20 ||    37
       Royal jelly       |       |     1 |       |       ||     1
       Bread ration      |       |       |     1 |       ||     1
Armor: Animal skin       |    15 |       |       |       ||    15
       Ring mail         |     4 |    37 |    57 |   101 ||   199
Dodge: Dodged            |    42 |    64 |   120 |   125 ||   351

Table legend:
 A = Spawn XP
 B = Non-spawn XP
 C = Spawn XP percentage of total XP
 D = Spawn monster count
 E = Non-spawn monster count
 F = Spawn count percentage of total count
 G = Total turns spent on level
                    A         B        C        D         E        F      G
               +---------+---------+-------+---------+---------+-------+---------
         Total |       0 |   16571 |   0.0 |       0 |     283 |   0.0 | 11376
               +---------+---------+-------+---------+---------+-------+---------
           D:1 |       0 |      48 |   0.0 |       0 |      28 |   0.0 |   504
           D:2 |       0 |      79 |   0.0 |       0 |      26 |   0.0 |   769
           D:3 |       0 |     315 |   0.0 |       0 |      36 |   0.0 |  1057
           D:4 |       0 |     317 |   0.0 |       0 |       6 |   0.0 |   661
           D:5 |       0 |    1145 |   0.0 |       0 |      22 |   0.0 |  1469
           D:6 |       0 |     727 |   0.0 |       0 |      24 |   0.0 |  1000
           D:7 |       0 |    1016 |   0.0 |       0 |      16 |   0.0 |   975
           D:8 |       0 |    2279 |   0.0 |       0 |      23 |   0.0 |  1246
           D:9 |       0 |    3001 |   0.0 |       0 |      22 |   0.0 |  1065
          D:10 |       0 |    2163 |   0.0 |       0 |      33 |   0.0 |  1179
          D:11 |       0 |    5481 |   0.0 |       0 |      47 |   0.0 |  1451
               +---------+---------+-------+---------+---------+-------+---------
